 Dungeon Crawl Stone Soup version 0.24-a0-584-g9d6b971ae4 (webtiles) character file.

Game seed: 12747777171319333268, levelgen mode: deterministic

231566 Ijustatesigmund the Blocker (level 19, -19/151 HPs)
             Began as a Gnoll Fighter on Sept 4, 2019.
             Was the Champion of Okawaru.
             Demolished by Xtahua (21 damage)
             ... while paralysed by Xtahua
             ... on level 2 of the Vaults.
             The game lasted 01:53:47 (32460 turns).

Ijustatesigmund the Blocker (Gnoll Fighter)        Turns: 32460, Time: 01:53:48

Health: -19/151    AC: 32    Str: 19    XL:     19   Next: 51%
Magic:  0/35       EV:  2    Int: 20    God:    Okawaru [******]
Gold:   2455       SH:  0    Dex: 19    Spells: 39/43 levels left

rFire    + + .     SeeInvis +   R - +10 long sword "Juw Ogapt" {protect, rF+ Int+6}
rCold    . . .     Gourm    .   x - +1 large shield of Wytoj {Regen+ SInv Stlth-}
rNeg     . . .     Faith    .   b - +4 fire dragon scales
rPois    .         Spirit   +   v - +1 hat of Inviolability {*Slow rElec SInv Stlth+}
rElec    +         Reflect  .   A - scarf {repulsion}
rCorr    .         Harm     .   Z - +0 pair of gloves {archery}
MR       +....                  B - +2 pair of boots {run}
Stlth    ++++......             H - amulet of guardian spirit
HPRegen  0.75/turn              t - +5 ring of evasion
MPRegen  0.24/turn              c - ring of ice

@: paralysed, finesse, protection aura, repel missiles, quick
A: distributed training, fangs 1, horns 1, molten scales 1, wild magic 1, strong
nose
}: 1/15 runes: gossamer
a: Heroism, Finesse, Renounce Religion


You were on level 2 of the Vaults.
You worshipped Okawaru.
Okawaru was exalted by your worship.
You were not hungry.

You visited 5 branches of the dungeon, and saw 29 of its levels.
You also visited: Gauntlet and Volcano.

You collected 3344 gold pieces.
You spent 889 gold pieces at shops.

Inventory:

Hand Weapons
 a - a +7 broad axe of venom
 I - the +10 executioner's axe of the Warrior-Mage {elec, rN+ Dex+3 SInv}
   (You found it on level 10 of the Dungeon)

   Occasionally, upon striking a foe, it will discharge some electrical energy
   and cause terrible harm.
   It affects your dexterity (+3).
   It protects you from negative energy.
   It lets you see invisible.
 L - the +10 rapier of Distraction {flame, SInv}
   (You found it on level 10 of the Dungeon)

   It has been specially enchanted to burn those struck by it, causing extra
   injury to most foes and up to half again as much damage against particularly
   susceptible opponents.
   It lets you see invisible.
 R - the +10 long sword "Juw Ogapt" (weapon) {protect, rF+ Int+6}
   (You found it on level 13 of the Dungeon)

   It grants its wielder temporary protection when it strikes (+7 to AC).
   It affects your intelligence (+6).
   It protects you from fire.
Missiles
 V - 6 datura-tipped darts
 X - 19 silver javelins (quivered)
Armour
 b - +4 fire dragon scales (worn)
 l - a scarf of resistance
 v - the +1 hat of Inviolability (worn) {*Slow rElec SInv Stlth+}
   (You found it on level 2 of the Orcish Mines)

   It insulates you from electricity.
   It lets you see invisible.
   It may slow you when you take damage.
   It makes you more stealthy.
 w - the +1 cloak of the Lotus Blossom {rF+ rCorr}
   (You found it on level 3 of the Spider Nest)

   It protects you from fire.
   It provides partial protection from all sources of acid and corrosion.
 x - the +1 large shield of Wytoj (worn) {Regen+ SInv Stlth-}
   (You bought it in a shop on level 2 of the Orcish Mines)

   It lets you see invisible.
   It increases your rate of regeneration.
   It makes you less stealthy.
 A - a scarf of repulsion (worn)
 B - a +2 pair of boots of running (worn)
 Z - a +0 pair of gloves of archery (worn)
Jewellery
 c - a ring of ice (right hand)
 o - an uncursed ring of resist corrosion
 t - a +5 ring of evasion (left hand)
 H - an amulet of guardian spirit (around neck)
 P - a +2 ring of evasion
Wands
 i - a wand of clouds (2)
 n - a wand of acid (3)
 q - a wand of enslavement (27)
 y - a wand of scattershot (12)
 D - a wand of digging (8)
 O - a wand of iceblast (1)
Scrolls
 e - 8 scrolls of remove curse
 j - 7 scrolls of teleportation
 p - a scroll of immolation
 z - 3 scrolls of magic mapping
 E - 4 scrolls of blinking
 N - 4 scrolls of identify
 Y - 2 scrolls of fog
Potions
 d - 5 potions of might
 g - 8 potions of mutation
 h - 7 potions of cancellation
 k - 7 potions of curing
 m - 3 potions of invisibility
 s - 4 potions of lignification
 u - 3 potions of magic
 C - 5 potions of flight
 F - 3 potions of ambrosia
 G - 3 potions of berserk rage
 J - 3 potions of resistance
 K - 2 potions of agility
 Q - 4 potions of haste
 S - a potion of brilliance
 U - 7 potions of heal wounds
Miscellaneous
 M - 3 phantom mirrors
Comestibles
 f - 39 rations


   Skills:
 + Level 13.8 Fighting
 + Level 12.5 Short Blades
 + Level 12.5 Long Blades
 + Level 13.2 Axes
 + Level 12.5 Maces & Flails
 + Level 12.5 Polearms
 + Level 12.5 Staves
 + Level 12.5 Slings
 + Level 12.5 Bows
 + Level 12.5 Crossbows
 + Level 12.5 Throwing
 + Level 13.8 Armour
 + Level 12.5 Dodging
 + Level 12.5 Stealth
 + Level 13.8 Shields
 + Level 12.5 Unarmed Combat
 + Level 12.5 Spellcasting
 + Level 10.8 Conjurations
 + Level 10.8 Hexes
 + Level 10.8 Charms
 + Level 10.8 Summonings
 + Level 10.8 Necromancy
 + Level 10.8 Translocations
 + Level 10.8 Transmutations
 + Level 10.8 Fire Magic
 + Level 10.8 Ice Magic
 + Level 10.8 Air Magic
 + Level 10.8 Earth Magic
 + Level 10.8 Poison Magic
 + Level 13.5 Invocations
 + Level 12.5 Evocations


You had 39 spell levels left.
You knew the following spells:

 Your Spells              Type           Power        Failure   Level  Hunger
a - Magic Dart            Conj           ####         1%          1    None
b - Blink                 Tloc           N/A          2%          2    None
c - Summon Butterflies    Summ           ######..     1%          1    None

Your spell library contained the following spells:

 Spells                   Type           Power        Failure   Level  Hunger
 Confusing Touch          Hex            ######       1%          1    None
 Sting                    Conj/Pois      ####         1%          1    None
 Summon Small Mammal      Summ           ####         1%          1    None
 Call Imp                 Summ           ######..     2%          2    None
 Ensorcelled Hibernation  Hex/Ice        ######       2%          2    None
 Poisonous Vapours        Pois/Air       ######       2%          2    None
 Slow                     Hex            ######..     2%          2    None
 Call Canine Familiar     Summ           ######..     4%          3    None
 Confuse                  Hex            ######..     4%          3    None
 Conjure Flame            Conj/Fire      ######..     4%          3    None
 Gell's Gravitas          Tloc           ######....   4%          3    None
 Ignite Poison            Fire/Tmut/Pois ######..     4%          3    None
 Mephitic Cloud           Conj/Pois/Air  ######..     4%          3    None
 Summon Guardian Golem    Hex/Summ       ######..     4%          3    None
 Cause Fear               Hex            ######....   11%         4    None
 Olgreb's Toxic Radiance  Pois           ######..     11%         4    None
 Petrify                  Tmut/Erth      ######..     11%         4    None
 Summon Ice Beast         Ice/Summ       #######.     11%         4    None
 Summon Lightning Spire   Summ/Air       ######..     11%         4    None
 Borgnjor's Vile Clutch   Necr/Erth      ######....   28%         5    ####...
 Fireball                 Conj/Fire      ######....   28%         5    ####...
 Metabolic Englaciation   Hex/Ice        #######...   28%         5    ####...
 Silence                  Hex/Air        ######....   28%         5    ####...
 Summon Mana Viper        Hex/Summ       ######..     28%         5    ####...
 Venom Bolt               Conj/Pois      ######....   28%         5    ####...
 Yara's Violent Unravell  Hex/Tmut       ######....   28%         5    ####...
 Bolt of Fire             Conj/Fire      ######....   80%         6    #####..
 Darkness                 Hex            ######....   80%         6    #####..
 Deflect Missiles         Chrm/Air       ######....   80%         6    #####..
 Shadow Creatures         Summ           N/A          80%         6    #####..
 Ring of Flames           Chrm/Fire      ######....   100%        7    #######
 Summon Hydra             Summ           ######....   100%        7    #######
 Discord                  Hex            ######....   100%        8    #######
 Ignition                 Fire           ######....   100%        8    #######


Dungeon Overview and Level Annotations

Branches:
Dungeon (15/15)            Temple (0/1) D:7            Lair (6/6) D:10
  Swamp (0/4) Lair:4       Spider (4/4) Lair:3        Slime (0/5) Lair:6
    Orc (2/2) D:9             Elf (0/3) Orc:2        Vaults (2/5) D:13
 Depths (0/5) D:15        Volcano (visited)         Gauntlet (visited)
  Crypt: Vaults:2-3

Altars:
Elyvilon
Fedhas
Gozag
Kikubaaqudgha
Makhleb
Okawaru
Qazlal
Trog
Uskayaw
Vehumet
Wu Jian
Yredelemnul
Beogh
Jiyva

Shops:
D:8 [(   D:14 *   D:15 (   Orc:2 *[%*

Annotations:
Vaults:2 Xtahua


Innate Abilities, Weirdness & Mutations

Your experience applies equally to all skills.
You have very sharp teeth.
Your uncanny sense of smell can sniff out nearby items.
You have a pair of small horns on your head.
You are partially covered in molten scales. (AC +2)
Your spells are a little harder to cast, but a little more powerful.


Message History

The ironbrand convoker looks as sick as possible!
The acid dragon bites you but does no damage.
The acid dragon completely misses you. Xtahua bites you!!
Xtahua claws you but does no damage. Xtahua tramples you.
You are shoved backwards!
You kill the ironbrand convoker!
Okawaru accepts your kill. Something appears at your feet!
Okawaru grants you ammunition!
The harpy claws you but does no damage. x2; The harpy claws you!
* * * LOW HITPOINT WARNING * * *
The harpy claws you but does no damage.
The orc knight hits you with a +1 great mace.
* * * LOW HITPOINT WARNING * * *
Xtahua bites you!!
* * * LOW HITPOINT WARNING * * *
Xtahua claws you.
* * * LOW HITPOINT WARNING * * *
Xtahua tramples you!!
You die...

. ####### ...
#§.§..
.....#.§§## ∆
.....§°§#§##
.....#†#§§.##
### #.##§DH##
#. ##DHo## #.
##@R<# #.∆
##○.# #. ####
##


You could see Xtahua, an orc knight, a rakshasa, 2 harpies and an acid dragon.

Vanquished Creatures
  Nikola (Spider:3)
  Arachne (Spider:2)
  Donald (Spider:4)
  The ghost of Secs the Fighter, a journeyman HONe of Trog (D:14)
  A fire giant (D:15)
  4 ghost moths
  A vault warden (Vaults:1)
  3 orc warlords
  Louise (D:14)
  2 ironheart preservers (Vaults:1)
  3 emperor scorpions (Spider:4)
  A stone giant (Volcano)
  4 entropy weavers
  The ghost of Vimyl the Fighter, a journeyman GrFi of Okawaru (D:15)
  The ghost of Mandevil the Slicer, a journeyman VSAK of Lugonu (Orc:2)
  A spark wasp (Spider:3)
  A deep elf annihilator (Vaults:2)
  A minotaur (Gauntlet)
  An ettin (Orc:1)
  Snorg (D:11)
  2 fire dragons (Vaults:1)
  A death ooze (Gauntlet)
  A yaktaur captain (Vaults:1)
  6 ogre magi
  A rakshasa (Vaults:1)
  11 hydras
  An ice dragon (Vaults:1)
  A great orb of eyes (Vaults:1)
  3 death knights
  Erica (D:8)
  4 centaur warriors
  A catoblepas (Gauntlet)
  20 two-headed ogres
  A deep troll shaman (Vaults:1)
  A deep troll earth mage (Vaults:1)
  8 death yaks
  An orc high priest (D:15)
  Nergalle (Lair:3)
  2 deep elf knights (Vaults:1)
  5 skeletal warriors (D:14)
  2 deep trolls (Vaults:1)
  5 unseen horrors
  A flayed ghost (Vaults:1)
  2 orange crystal statues (D:13)
  Pikel (D:9)
  4 wizards
  A phantasmal warrior (D:12)
  7 ironbrand convokers
  A deep elf archer (Vaults:1)
  5 harpies (Vaults:1)
  A necromancer (D:13)
  19 orb spiders
  5 deep elf magi
  2 orc sorcerers
  A wolf spider zombie (D:14)
  10 orc knights
  33 wolf spiders
  16 ugly things
  An oklob plant (Lair:2)
  21 slime creatures
  The ghost of Killmatronix the Gusty, a novice FoAE (D:6)
  2 manticores
  4 elephants
  4 black mambas (Lair:6)
  3 cyclopes
  A guardian serpent (shapeshifter) (D:14)
  A moth of wrath (Spider:4)
  5 vault sentinels
  4 torpor snails
  4 gargoyles
  30 spiny frogs
  A kobold demonologist (D:13)
  A minotaur zombie (Gauntlet)
  4 komodo dragons
  A rime drake (Lair:1)
  5 ice devils
  9 demonic crawlers
  An efreet (Volcano)
  2 yaktaurs (Vaults:1)
  4 freezing wraiths
  A tengu conjurer (D:14)
  7 trolls
  33 jumping spiders
  A queen bee (Lair:3)
  A wolf spider simulacrum (D:15)
  23 blink frogs
  8 hornets
  5 tyrant leeches (Lair:6)
  18 hippogriffs
  15 dream sheep
  A bog body (Lair:4)
  29 tarantellas
  Sigmund (D:2)
  78 redbacks
  4 ynoxinuls (D:15)
  4 shadows
  7 wyverns
  A centaur simulacrum (D:14)
  43 yaks
  10 wraiths
  3 basilisks
  2 fire elementals (Volcano)
  2 hungry ghosts
  11 vampire mosquitoes
  3 wargs
  A steam dragon (D:11)
  2 acid dragons
  A soldier ant (shapeshifter) (Vaults:1)
  25 orc warriors
  31 water moccasins
  6 porcupines
  A swamp drake (Orc:2)
  A slave (D:9)
  An eye of draining (D:15)
  A phantom (D:7)
  A black bear (D:8)
  A black bear (shapeshifter) (Vaults:1)
  5 ice beasts
  5 sky beasts
  40 ogres
  2 wolves (Lair:3)
  17 centaurs
  14 crocodiles
  8 big kobolds
  19 bullfrogs
  A gnoll sergeant (D:5)
  A human simulacrum (Vaults:1)
  A water moccasin zombie (D:4)
  An earth elemental (Volcano)
  9 scorpions
  A wyvern skeleton (D:10)
  35 killer bees
  4 wights (D:11)
  4 howler monkeys
  5 electric eels
  5 centaur zombies
  A bullfrog zombie (D:4)
  5 crimson imps
  19 orc priests
  2 jellies
  A quasit (D:11)
  8 hounds
  27 orc wizards
  3 bullfrog skeletons
  5 centaur skeletons
  6 iguanas
  An iron imp (Orc:2)
  8 worker ants
  A hell rat (Lair:3)
  A hound zombie (D:4)
  10 worker ant zombies
  10 gnolls
  A river rat (Spider:1)
  20 adders
  A howler monkey skeleton (D:10)
  3 shadow imps
  3 oozes
  2 adder skeletons (D:4)
  3 adder zombies
  3 worms
  3 dart slugs
  8 leopard geckos
  76 orcs
  5 bats
  5 giant cockroaches
  9 goblins
  5 hobgoblins
  22 jackals
  2 quokkas
  A ball python (D:7)
  3 frilled lizards
  A giant cockroach zombie (D:4)
  20 kobolds
  A leopard gecko zombie (D:4)
  A quokka skeleton (D:4)
  4 quokka zombies (D:4)
  13 rats
  A spectral orc (D:4)
  2 fungi (Lair:3)
  A plant (Lair:3)
1215 creatures vanquished.

Vanquished Creatures (collateral kills)
  2 death yaks (Lair:5)
  An elephant (Lair:2)
  A gargoyle (Gauntlet)
4 creatures vanquished.

Vanquished Creatures (others)
  A two-headed ogre (Orc:2)
  An elephant (Lair:2)
  A warg (Orc:1)
  An orc wizard (Orc:2)
  2 adders (Lair:2)
  A white imp (Orc:2)
  An orc (D:9)
  19 fungi
  45 plants
  12 withered plants
84 creatures vanquished.

Grand Total: 1303 creatures vanquished

Notes
Turn   | Place    | Note
-------+----------+-------------------------------------------
     0 | D:1      | Ijustatesigmund the Gnoll Fighter began the quest for the
                  | Orb.
     0 | D:1      | Reached XP level 1. HP: 23/23 MP: 1/1
    92 | D:1      | Reached XP level 2. HP: 22/29 MP: 2/2
   186 | D:1      | Gained mutation: You are partially covered in molten
                  | scales. (AC +2) [potion of mutation]
   186 | D:1      | Gained mutation: Your spells are a little harder to cast,
                  | but a little more powerful. [potion of mutation]
   186 | D:1      | Gained mutation: You have a pair of small horns on your
                  | head. [potion of mutation]
   249 | D:1      | Reached XP level 3. HP: 34/35 MP: 3/3
   344 | D:1      | Reached skill level 1 in Invocations
   482 | D:1      | Reached skill level 1 in Short Blades
   482 | D:1      | Reached skill level 1 in Long Blades
   482 | D:1      | Reached skill level 1 in Maces & Flails
   482 | D:1      | Reached skill level 1 in Polearms
   482 | D:1      | Reached skill level 1 in Staves
   482 | D:1      | Reached skill level 1 in Slings
   482 | D:1      | Reached skill level 1 in Bows
   482 | D:1      | Reached skill level 1 in Crossbows
   482 | D:1      | Reached skill level 1 in Throwing
   482 | D:1      | Reached skill level 1 in Dodging
   482 | D:1      | Reached skill level 1 in Stealth
   482 | D:1      | Reached skill level 1 in Unarmed Combat
   482 | D:1      | Reached skill level 1 in Spellcasting
   482 | D:1      | Reached skill level 1 in Evocations
   584 | D:1      | Reached XP level 4. HP: 41/41 MP: 5/5
   924 | D:2      | Reached skill level 1 in Conjurations
   924 | D:2      | Reached skill level 1 in Hexes
   924 | D:2      | Reached skill level 1 in Charms
   924 | D:2      | Reached skill level 1 in Summonings
   924 | D:2      | Reached skill level 1 in Necromancy
   924 | D:2      | Reached skill level 1 in Translocations
   924 | D:2      | Reached skill level 1 in Transmutations
   924 | D:2      | Reached skill level 1 in Fire Magic
   924 | D:2      | Reached skill level 1 in Ice Magic
   924 | D:2      | Reached skill level 1 in Air Magic
   924 | D:2      | Reached skill level 1 in Earth Magic
   924 | D:2      | Reached skill level 1 in Poison Magic
  1209 | D:2      | Found an ancient bone altar of Kikubaaqudgha.
  1645 | D:2      | Noticed Sigmund
  1647 | D:2      | Reached XP level 5. HP: 47/47 MP: 6/6
  1667 | D:2      | Killed Sigmund
  1667 | D:2      | Reached XP level 6. HP: 48/53 MP: 6/8
  2075 | D:3      | Reached skill level 5 in Axes
  2094 | D:3      | Found an iron altar of Okawaru.
  2124 | D:3      | Became a worshipper of Warmaster Okawaru
  2420 | D:3      | Identified the amulet of Niheph {Acrobat *Drain +Inv Str+2}
  2448 | D:3      | Reached XP level 7. HP: 39/59 MP: 10/10
  2829 | D:4      | Reached * piety under Okawaru
  2866 | D:4      | Reached XP level 8. HP: 46/67 MP: 12/12
  3592 | D:4      | Found a basalt altar of Yredelemnul.
  3731 | D:5      | Entered Level 5 of the Dungeon
  4306 | D:5      | Reached ** piety under Okawaru
  4505 | D:6      | Found a bloodstained altar of Trog.
  4588 | D:6      | Reached XP level 9. HP: 59/72 MP: 14/14
  4606 | D:6      | Found a large runed translucent door.
  4606 | D:6      | Found a large runed translucent door.
  4611 | D:6      | Noticed Killmatronix's ghost (novice FoAE)
  5068 | D:7      | Found a staircase to the Ecumenical Temple.
  5155 | D:7      | Reached *** piety under Okawaru
  5889 | D:7      | Found a bloodstained altar of Trog.
  6251 | D:8      | Reached skill level 5 in Invocations
  6457 | D:8      | Found Tekasm's Armour Shop.
  6460 | D:8      | Bought a +1 pair of boots of flying for 247 gold pieces
  6489 | D:8      | Found Mubbicre's Antique Weapon Shoppe.
  6602 | D:8      | Found a burning altar of Makhleb.
  6603 | D:8      | Found a radiant altar of Vehumet.
  6663 | D:8      | Found a hide-covered altar of Uskayaw.
  6750 | D:8      | Found a white marble altar of Elyvilon.
  6751 | D:8      | Found an opulent altar of Gozag.
  6752 | D:8      | Found a blossoming altar of Fedhas.
  6753 | D:8      | Found a stormy altar of Qazlal.
  6754 | D:8      | Found an ornate altar of the Wu Jian Council.
  6782 | D:8      | Reached XP level 10. HP: 80/80 MP: 17/17
  6836 | D:8      | Noticed Erica
  6886 | D:8      | Killed Erica
  6886 | D:8      | Reached **** piety under Okawaru
  6886 | D:8      | Reached skill level 5 in Short Blades
  6886 | D:8      | Reached skill level 5 in Long Blades
  6886 | D:8      | Reached skill level 5 in Maces & Flails
  6886 | D:8      | Reached skill level 5 in Polearms
  6886 | D:8      | Reached skill level 5 in Staves
  6886 | D:8      | Reached skill level 5 in Slings
  6886 | D:8      | Reached skill level 5 in Bows
  6886 | D:8      | Reached skill level 5 in Crossbows
  6886 | D:8      | Reached skill level 5 in Throwing
  6886 | D:8      | Reached skill level 5 in Dodging
  6886 | D:8      | Reached skill level 5 in Stealth
  6886 | D:8      | Reached skill level 5 in Unarmed Combat
  6886 | D:8      | Reached skill level 5 in Spellcasting
  6886 | D:8      | Reached skill level 5 in Evocations
  7104 | D:9      | Found a radiant altar of Vehumet.
  7110 | D:10     | Entered Level 10 of the Dungeon
  7197 | D:10     | Received a gift from Okawaru
  7759 | D:9      | Noticed Pikel
  7772 | D:9      | Paralysed by Pikel for 3 turns
  7779 | D:9      | Killed Pikel
  7779 | D:9      | Reached ***** piety under Okawaru
  7798 | D:9      | Found a staircase to the Orcish Mines.
  7801 | D:9      | Found a roughly hewn altar of Beogh.
  8087 | D:10     | Reached XP level 11. HP: 87/87 MP: 19/19
  8096 | D:10     | Noticed an orc sorcerer
  8115 | D:10     | Killed an orc sorcerer
  8115 | D:10     | Received a gift from Okawaru
  8164 | D:10     | Noticed a wizard
  8165 | D:10     | Noticed a wizard
  8171 | D:10     | Killed a wizard
  8172 | D:10     | Killed a wizard
  8172 | D:10     | Reached skill level 5 in Conjurations
  8172 | D:10     | Reached skill level 5 in Hexes
  8172 | D:10     | Reached skill level 5 in Charms
  8172 | D:10     | Reached skill level 5 in Summonings
  8172 | D:10     | Reached skill level 5 in Necromancy
  8172 | D:10     | Reached skill level 5 in Translocations
  8172 | D:10     | Reached skill level 5 in Transmutations
  8172 | D:10     | Reached skill level 5 in Fire Magic
  8172 | D:10     | Reached skill level 5 in Ice Magic
  8172 | D:10     | Reached skill level 5 in Air Magic
  8172 | D:10     | Reached skill level 5 in Earth Magic
  8172 | D:10     | Reached skill level 5 in Poison Magic
  8187 | D:10     | Got a brightly glowing executioner's axe
  8193 | D:10     | Identified the +10 executioner's axe of the Warrior-Mage
                  | {elec, rN+ Dex+3 SInv} (You found it on level 10 of the
                  | Dungeon)
  8371 | D:10     | Found a staircase to the Lair.
  8800 | D:10     | Noticed an unseen horror
  8807 | D:10     | Killed an unseen horror
  8919 | D:10     | Got an iridescent rapier
  8920 | D:10     | Identified the +10 rapier of Distraction {flame, SInv} (You
                  | found it on level 10 of the Dungeon)
  9325 | D:11     | Noticed a death knight
  9336 | D:11     | HP: 1/89 [death knight/+0 glaive (8)]
  9337 | D:11     | Killed a death knight
  9724 | D:11     | You fall into a shaft and drop 3 floors!
  9931 | D:14     | Received a gift from Okawaru
  9937 | D:14     | Got a scorched falchion {god gift}
  9961 | D:11     | Noticed Snorg
  9968 | D:11     | Killed Snorg
  9968 | D:11     | Reached XP level 12. HP: 82/96 MP: 20/22
 10849 | D:12     | Noticed a death knight
 10912 | D:12     | Killed a death knight
 10936 | D:12     | Identified the +5 falchion of the Poles {drain, Int+5}
                  | (Okawaru gifted it to you on level 14 of the Dungeon)
 11678 | D:13     | Got a transparent long sword
 11679 | D:13     | Identified the +10 long sword "Juw Ogapt" {protect, rF+
                  | Int+6} (You found it on level 13 of the Dungeon)
 11705 | D:13     | Noticed a centaur warrior
 11854 | D:13     | Received a gift from Okawaru
 11931 | D:13     | Received a gift from Okawaru
 11952 | D:13     | Noticed a three-headed hydra
 11958 | D:13     | Killed a three-headed hydra
 11958 | D:13     | Reached skill level 10 in Fighting
 11958 | D:13     | Reached skill level 10 in Armour
 11958 | D:13     | Reached skill level 10 in Shields
 12001 | D:13     | Received a gift from Okawaru
 12079 | D:13     | Noticed a two-headed ogre
 12079 | D:13     | Noticed a two-headed ogre
 12084 | D:13     | Killed a two-headed ogre
 12084 | D:13     | Reached ****** piety under Okawaru
 12084 | D:13     | Received a gift from Okawaru
 12085 | D:13     | Killed a two-headed ogre
 12085 | D:13     | Reached XP level 13. HP: 76/103 MP: 16/24
 12551 | D:13     | Found a gate to the Vaults.
 12727 | D:14     | Found a runed translucent gate.
 12727 | D:14     | Found a runed translucent gate.
 12728 | D:14     | Found a runed translucent gate.
 12729 | D:14     | Noticed Secs's ghost (journeyman HONe)
 12764 | D:14     | Found Iloraol's General Store.
 12772 | D:14     | Bought a scroll of identify for 34 gold pieces
 12774 | D:14     | Reached XP level 14. HP: 111/111 MP: 24/26
 13216 | D:14     | Received a gift from Okawaru
 13556 | D:15     | Entered Level 15 of the Dungeon
 13556 | D:15     | Noticed Louise
 13594 | D:14     | Killed Louise
 14036 | D:14     | Bought a scroll of magic mapping for 59 gold pieces
 14083 | D:15     | Reached skill level 10 in Axes
 14720 | D:15     | Found Wavocso's Weapon Boutique.
 14735 | D:15     | Bought 6 datura-tipped darts for 36 gold pieces
 14796 | D:15     | Found a runed translucent gate.
 14801 | D:15     | Received a gift from Okawaru
 14839 | D:15     | Found a staircase to the Depths.
 14839 | D:15     | Noticed a fire giant
 14856 | D:15     | Killed a fire giant
 14856 | D:15     | Reached skill level 10 in Invocations
 14856 | D:15     | Reached XP level 15. HP: 103/118 MP: 25/28
 14988 | D:15     | Found a runed translucent gate.
 14989 | D:15     | Found a runed translucent gate.
 14992 | D:15     | Noticed Vimyl's ghost (journeyman GrFi)
 14993 | D:15     | Identified the +3 chain mail of Unaveule {*Contam rF+ rCorr
                  | Dex+3}
 14993 | D:15     | Noticed an orc warlord
 14994 | D:15     | Found a roughly hewn altar of Beogh.
 15460 | Lair:1   | Entered Level 1 of the Lair of Beasts
 15891 | Lair:1   | Received a gift from Okawaru
 16334 | Lair:2   | Received a gift from Okawaru
 17001 | Lair:3   | Noticed Nergalle
 17006 | Lair:3   | Killed Nergalle
 17031 | Lair:3   | Received a gift from Okawaru
 17047 | Lair:3   | Found a gate leading to a gauntlet.
 17054 | Gauntlet | Entered a Gauntlet
 17054 | Gauntlet | Found a large runed translucent door.
 17054 | Gauntlet | Found a large runed translucent door.
 17054 | Gauntlet | Found a large runed translucent door.
 17054 | Gauntlet | Found a large runed translucent door.
 17054 | Gauntlet | Found a runed translucent door.
 17054 | Gauntlet | Found a large runed translucent door.
 17054 | Gauntlet | Found a large runed translucent door.
 17054 | Gauntlet | Found a transporter.
 17054 | Gauntlet | Found a transporter.
 17054 | Gauntlet | Found a large runed translucent door.
 17054 | Gauntlet | Found a large runed translucent door.
 17054 | Gauntlet | Found a runed translucent gate.
 17054 | Gauntlet | Found a runed translucent gate.
 17054 | Gauntlet | Found a transporter.
 17054 | Gauntlet | Found a transporter.
 17055 | Gauntlet | Found a runed translucent door.
 17055 | Gauntlet | Found a runed translucent gate.
 17059 | Gauntlet | Found a large runed translucent door.
 17059 | Gauntlet | Found a large runed translucent door.
 17059 | Gauntlet | Found a large runed translucent door.
 17059 | Gauntlet | Found a large runed translucent door.
 17060 | Gauntlet | Found a large runed translucent door.
 17060 | Gauntlet | Found a large runed translucent door.
 17061 | Gauntlet | Found a large runed translucent door.
 17061 | Gauntlet | Found a large runed translucent door.
 17077 | Gauntlet | Found a transporter.
 17087 | Gauntlet | Found a transporter.
 17091 | Gauntlet | Found a transporter.
 17101 | Gauntlet | Found a transporter.
 17123 | Gauntlet | Found a transporter.
 17129 | Gauntlet | Found a transporter.
 17133 | Gauntlet | Found a transporter.
 17145 | Gauntlet | Found a transporter.
 17373 | Gauntlet | Got a pair of shimmering gloves
 17384 | Gauntlet | Identified the cursed +0 pair of gloves of the End {+Fly
                  | rElec rN+ Str-4} (You found it in a Gauntlet)
 17841 | Lair:3   | Found a hole to the Spider Nest.
 18272 | Lair:3   | Received a gift from Okawaru
 18585 | Lair:3   | Received a gift from Okawaru
 19255 | Lair:4   | Reached skill level 10 in Short Blades
 19255 | Lair:4   | Reached skill level 10 in Long Blades
 19255 | Lair:4   | Reached skill level 10 in Maces & Flails
 19255 | Lair:4   | Reached skill level 10 in Polearms
 19255 | Lair:4   | Reached skill level 10 in Staves
 19255 | Lair:4   | Reached skill level 10 in Slings
 19255 | Lair:4   | Reached skill level 10 in Bows
 19255 | Lair:4   | Reached skill level 10 in Crossbows
 19255 | Lair:4   | Reached skill level 10 in Throwing
 19255 | Lair:4   | Reached skill level 10 in Dodging
 19255 | Lair:4   | Reached skill level 10 in Stealth
 19255 | Lair:4   | Reached skill level 10 in Unarmed Combat
 19255 | Lair:4   | Reached skill level 10 in Spellcasting
 19255 | Lair:4   | Reached skill level 10 in Evocations
 19270 | Lair:4   | Found a staircase to the Swamp.
 19317 | Lair:4   | Found a basalt altar of Yredelemnul.
 19968 | Lair:5   | Reached XP level 16. HP: 127/127 MP: 24/30
 20019 | Lair:5   | Found a dark tunnel.
 20027 | Volcano  | Entered a volcano
 20377 | Lair:4   | Received a gift from Okawaru
 20551 | Lair:5   | Got an ivory flail
 20552 | Lair:5   | Identified the +2 flail of the Endless Expanse {holy,
                  | *Noise +Fly Str+3 SInv} (You found it on level 5 of the
                  | Lair of Beasts)
 21242 | Lair:6   | Entered Level 6 of the Lair of Beasts
 21295 | Lair:6   | Found an iron altar of Okawaru.
 21993 | Lair:6   | Found a staircase to the Slime Pits.
 21993 | Lair:6   | Found a viscous altar of Jiyva.
 22167 | Lair:6   | Received a gift from Okawaru
 22871 | Orc:1    | Entered Level 1 of the Orcish Mines
 23816 | Orc:2    | Entered Level 2 of the Orcish Mines
 24038 | Orc:2    | Reached XP level 17. HP: 98/135 MP: 24/31
 24688 | Orc:2    | Received a gift from Okawaru
 24720 | Orc:2    | Found Jaugg's Antique Armour Boutique.
 24720 | Orc:2    | Found Ozuixt's General Store.
 24721 | Orc:2    | Found Routebio's General Store.
 24721 | Orc:2    | Found Noam's Food Boutique.
 24728 | Orc:2    | Bought a faintly humming large shield for 247 gold pieces
 24734 | Orc:2    | Identified the +1 large shield of Wytoj {Regen+ SInv
                  | Stlth-} (You bought it in a shop on level 2 of the Orcish
                  | Mines)
 24735 | Orc:2    | Bought 3 datura-tipped darts for 14 gold pieces
 24737 | Orc:2    | Bought a scroll of identify for 24 gold pieces
 24739 | Orc:2    | Bought 2 potions of curing for 72 gold pieces
 24739 | Orc:2    | Bought a potion of haste for 120 gold pieces
 24739 | Orc:2    | Bought a scroll of teleportation for 36 gold pieces
 24843 | Orc:2    | Found a runed translucent gate.
 24844 | Orc:2    | Found a runed translucent gate.
 24845 | Orc:2    | Noticed Mandevil's ghost (journeyman VSAK)
 24845 | Orc:2    | Found a roughly hewn altar of Beogh.
 24845 | Orc:2    | Found a runed translucent gate.
 24870 | Orc:2    | Killed Mandevil's ghost
 24936 | Orc:2    | Got a glittering brass amulet
 25119 | Orc:2    | Identified the amulet "Ogrib" {Spirit rElec rC- Int+4} (You
                  | found it on level 2 of the Orcish Mines)
 25200 | Orc:2    | Found a staircase to the Elven Halls.
 25322 | Orc:2    | Got a twisted hat
 25328 | Orc:2    | Identified the +1 hat of Inviolability {*Slow rElec SInv
                  | Stlth+} (You found it on level 2 of the Orcish Mines)
 25547 | Lair:3   | Identified the +8 broad axe of the Maze {venom, rElec rN+
                  | Int+6} (Okawaru gifted it to you on level 3 of the Lair of
                  | Beasts)
 25628 | Lair:1   | Learned a level 1 spell: Magic Dart
 25631 | Lair:1   | Learned a level 2 spell: Blink
 25735 | D:6      | Killed Killmatronix's ghost
 25971 | D:14     | Killed Secs's ghost
 26128 | D:15     | Killed Vimyl's ghost
 26317 | D:15     | Received a gift from Okawaru
 26606 | Spider:1 | Entered Level 1 of the Spider Nest
 27374 | Spider:2 | Received a gift from Okawaru
 27565 | Spider:2 | Received a gift from Okawaru
 27730 | Spider:2 | Noticed Arachne
 27768 | Spider:2 | Killed Arachne
 28470 | Spider:3 | Reached XP level 18. HP: 119/143 MP: 26/33
 28536 | Spider:3 | Reached skill level 10 in Conjurations
 28536 | Spider:3 | Reached skill level 10 in Hexes
 28536 | Spider:3 | Reached skill level 10 in Charms
 28536 | Spider:3 | Reached skill level 10 in Summonings
 28536 | Spider:3 | Reached skill level 10 in Necromancy
 28536 | Spider:3 | Reached skill level 10 in Translocations
 28536 | Spider:3 | Reached skill level 10 in Transmutations
 28536 | Spider:3 | Reached skill level 10 in Fire Magic
 28536 | Spider:3 | Reached skill level 10 in Ice Magic
 28536 | Spider:3 | Reached skill level 10 in Air Magic
 28536 | Spider:3 | Reached skill level 10 in Earth Magic
 28536 | Spider:3 | Reached skill level 10 in Poison Magic
 28540 | Spider:3 | Got a spiked cloak
 28546 | Spider:3 | Received a gift from Okawaru
 28639 | Spider:3 | Identified the +1 cloak of the Lotus Blossom {rF+ rCorr}
                  | (You found it on level 3 of the Spider Nest)
 28762 | Spider:3 | Noticed Nikola
 28790 | Spider:3 | Killed Nikola
 29120 | Spider:4 | Entered Level 4 of the Spider Nest
 29128 | Spider:4 | Received a gift from Okawaru
 29568 | Spider:4 | Identified a +2 pair of boots of running (You found it on
                  | level 4 of the Spider Nest)
 30300 | Spider:4 | Learned a level 1 spell: Summon Butterflies
 30358 | Spider:4 | Noticed Donald
 30383 | Spider:4 | Killed Donald
 30540 | Spider:4 | Received a gift from Okawaru
 30567 | Spider:4 | Got a gossamer rune of Zot
 30831 | Vaults:1 | Entered Level 1 of the Vaults
 30952 | Vaults:1 | Reached XP level 19. HP: 89/150 MP: 28/35
 32406 | Vaults:2 | Noticed Xtahua
 32417 | Vaults:2 | Paralysed by Xtahua for 7 turns
 32458 | Vaults:2 | Paralysed by Xtahua for 6 turns
 32460 | Vaults:2 | Received a gift from Okawaru
 32460 | Vaults:2 | HP: 5/151 [Xtahua (29)]
 32460 | Vaults:2 | HP: 2/151 [Xtahua (3)]
 32460 | Vaults:2 | Demolished by Xtahua

Levels and vault maps discovered:
D:1:      scummos_arrival_checkerplants, layout_basic,
          hangedman_decor_slide_cut, minmay_vboxes
D:2:      layout_basic, lemuel_doored_altar, uniq_sigmund
D:3:      cheibrodos_thug_alley, layout_basic, okawaru_trees_2,
          kennysheep_generic_room_9
D:4:      layout_loops_ring, yredelemnul_forgotten_temple_becter, serial_undead,
          serial_undead_f, serial_undead_b, serial_undead_e, serial_undead_b,
          serial_undead_a, serial_undead_e, serial_undead_b, serial_undead_d,
          serial_undead_d, serial_undead_b
D:5:      layout_loops_cross, first_ration
D:6:      layout_rooms, ebering_ghost_disaster_area, trog_three_pillars_becter
D:7:      layout_basic, lightli_temple_of_fire, minmay_temple_entry_grid,
          eino_small_chamber_without_monster
D:8:      layout_loops_corners, grunt_temple_overflow_lords_of_destruction,
          minitemple, serial_shops, kennysheep_mini_moat, shop_fountains,
          uniq_erica
D:9:      layout_rooms, minmay_orc_entry_temple_small, basic_altar, uniq_pikel
D:10:     cheibrodos_wizards_tower, layout_irregular_city, david_lair_generic
D:11:     layout_irregular_city, uniq_snorg
D:12:     layout_loops_ring
D:13:     layout_roguey, david_vaults_1, hangedman_ranch
          [blue_anna_fruit_fields], minmay_more_statues
D:14:     cheibrodos_quadrivalence, layout_irregular_city, serial_shops, shop,
          kennysheep_path_1, ebering_ghost_rock_garden
D:15:     grunt_enter_depths_giant_problem, layout_basic, serial_shops, shop,
          biasface_ghost_orc_armoury, chequers_avenue,
          statue_in_the_mist_lemuel, st_stairs_7, uniq_louise
Lair:1:   layout_regular_city, serial_bayou_shore_a, grunt_megastairs_5,
          serial_bayou_shore_b
Lair:2:   lemuel_reptile_caves, layout_cave_shapes, minmay_lair_oklob_chamber
Lair:3:   regret_index_combs_of_tragedy, layout_gridlike,
          spider_nest_entry_funnel_web, gauntlet_entry_generic, uniq_nergalle
Lair:4:   layout_cave_pods, skrybe_swamp_entry_bodies, basic_altar
Lair:5:   layout_small_grid, enter_volcano_1
Lair:6:   minmay_lair_end_frog_pond, layout_loops_ring, slime_altar_1,
          basic_altar
Spider:1: layout_spider_delve
Spider:2: layout_spider_delve, uniq_arachne
Spider:3: cheibrodos_spider_silkery, drop_trap, uniq_nikola
Spider:4: spider_rune_water, uniq_donald
Orc:1:    layout_caves
Orc:2:    st_orc_ogre_mass, layout_caves, biasface_ghost_orc_armoury,
          hangedman_minor_magic
Vaults:1: v_alt_pattern_2, v_misc_17, vaults_mumra_hexcomb,
          ontoclasm_vaults_idyll, hangedman_vaults_corner, v_alt_pattern_4,
          v_misc_18, v_misc_15, vaults_standard_mumra_enter_the_diamond,
          grunt_vaults_hallway_short, ontoclasm_vaults_decontamination,
          v_misc_27, ontoclasm_vaults_ring_small, vaults_room_stairs_pillars,
          grunt_vaults_focal, layout_vaults_ring
Vaults:2: minmay_crypt_entry_necro_gods, vaults_room_octagon, vaults_mumra_hex,
          ontoclasm_vaults_ligature, hangedman_vaults_restitches,
          nicolae_vaults_border_crossing, st_lattice,
          nicolae_vaults_three_branches, hangedman_vaults_pinch,
          ontoclasm_vaults_bender, v_pattern_5, v_misc_8,
          vaults_room_fancy_cross, nicolae_vaults_rhombus_7,
          layout_vaults_maze_snakey, uniq_asterion, uniq_xtahua

Skill      XL: |  1  2  3  4  5  6  7  8  9 10 11 12 13 14 15 16 17 18 19 |
---------------+----------------------------------------------------------+-----
Invocations    | 1 2 3 4 5 6 7 8 9 10 11 12 13 | 13.5
Short Blades   | 1 2 3 4 5 6 7 8 9 10 11 12 | 12.5
Long Blades    | 1 2 3 4 5 6 7 8 9 10 11 12 | 12.5
Maces & Flails | 1 2 3 4 5 6 7 8 9 10 11 12 | 12.5
Polearms       | 1 2 3 4 5 6 7 8 9 10 11 12 | 12.5
Staves         | 1 2 3 4 5 6 7 8 9 10 11 12 | 12.5
Slings         | 1 2 3 4 5 6 7 8 9 10 11 12 | 12.5
Bows           | 1 2 3 4 5 6 7 8 9 10 11 12 | 12.5
Crossbows      | 1 2 3 4 5 6 7 8 9 10 11 12 | 12.5
Throwing       | 1 2 3 4 5 6 7 8 9 10 11 12 | 12.5
Dodging        | 1 2 3 4 5 6 7 8 9 10 11 12 | 12.5
Stealth        | 1 2 3 4 5 6 7 8 9 10 11 12 | 12.5
Unarmed Combat | 1 2 3 4 5 6 7 8 9 10 11 12 | 12.5
Spellcasting   | 1 2 3 4 5 6 7 8 9 10 11 12 | 12.5
Evocations     | 1 2 3 4 5 6 7 8 9 10 11 12 | 12.5
Conjurations   | 1 2 3 4 5 6 7 8 9 10 | 10.8
Hexes          | 1 2 3 4 5 6 7 8 9 10 | 10.8
Charms         | 1 2 3 4 5 6 7 8 9 10 | 10.8
Summonings     | 1 2 3 4 5 6 7 8 9 10 | 10.8
Necromancy     | 1 2 3 4 5 6 7 8 9 10 | 10.8
Translocations | 1 2 3 4 5 6 7 8 9 10 | 10.8
Transmutations | 1 2 3 4 5 6 7 8 9 10 | 10.8
Fire Magic     | 1 2 3 4 5 6 7 8 9 10 | 10.8
Ice Magic      | 1 2 3 4 5 6 7 8 9 10 | 10.8
Air Magic      | 1 2 3 4 5 6 7 8 9 10 | 10.8
Earth Magic    | 1 2 3 4 5 6 7 8 9 10 | 10.8
Poison Magic   | 1 2 3 4 5 6 7 8 9 10 | 10.8
Axes           | 5 6 7 8 9 10 11 12 13 | 13.2
Fighting       | 7 8 9 10 11 12 13 | 13.8
Armour         | 7 8 9 10 11 12 13 | 13.8
Shields        | 7 8 9 10 11 12 13 | 13.8

Action                   |  1- 3 |  4- 6 |  7- 9 | 10-12 | 13-15 | 16-18 | 19-21 || total
-------------------------+-------+-------+-------+-------+-------+-------+-------++-------
Melee: War axe           |    96 |   119 |   447 |   236 |       |       |       ||   898
       Bite              |     7 |    10 |    62 |    73 |   156 |   258 |    76 ||   642
       Headbutt          |     6 |    30 |   111 |   108 |   300 |   419 |   105 ||  1079
       Executioner's axe |       |       |       |   165 |    18 |   149 |       ||   332
       Long sword        |       |       |       |    48 |   268 |    92 |   182 ||   590
       Rapier            |       |       |       |    34 |   722 |   612 |       ||  1368
       Flail             |       |       |       |       |       |    34 |       ||    34
       Broad axe         |       |       |       |       |       |   598 |   156 ||   754
Throw: Dart              |       |       |       |       |     7 |    20 |       ||    27
       Javelin           |       |       |       |       |       |    69 |     2 ||    71
 Cast: Blink             |       |       |       |       |       |     7 |       ||     7
       Magic Dart        |       |       |       |       |       |     3 |       ||     3
Invok: Heroism           |       |       |     1 |    11 |     8 |    13 |     1 ||    34
       Finesse           |       |       |       |     1 |     3 |     6 |     1 ||    11
 Abil: Stop Flying       |       |       |     1 |       |     2 |     1 |       ||     4
       Evoke Flight      |       |       |       |       |     2 |     1 |       ||     3
Evoke: Wand              |       |       |       |     8 |    17 |    16 |     1 ||    42
  Use: Scroll            |     6 |     6 |     9 |    10 |    14 |    20 |     1 ||    66
       Potion            |     1 |     1 |       |     8 |     2 |     4 |     1 ||    17
 Stab: Sleeping          |       |       |       |     5 |    12 |    16 |     4 ||    37
       Invisible         |       |       |       |     3 |       |     1 |       ||     4
       Distracted        |       |       |       |     1 |     1 |     6 |     1 ||     9
       Confused          |       |       |       |       |       |     2 |       ||     2
  Eat: Chunk             |       |     1 |    11 |     6 |    14 |    12 |     1 ||    45
       Ration            |       |     1 |     2 |     4 |     4 |     7 |     1 ||    19
Armor: Scale mail        |    31 |    32 |    10 |       |       |       |       ||    73
       Chain mail        |       |       |    93 |       |       |       |       ||    93
       Fire dragon scale |       |       |    18 |   233 |   234 |   344 |    86 ||   915
Dodge: Dodged            |    27 |    38 |   164 |   513 |   702 |  1210 |   149 ||  2803
       Deflected         |       |       |     5 |     3 |       |     4 |     4 ||    16
Block: Shield            |    60 |    73 |   287 |   249 |   693 |   354 |       ||  1716
       Large shield      |       |       |       |       |       |   945 |   316 ||  1261
       Rpst.: Long sword |       |       |       |    14 |    73 |    11 |    10 ||   108

Table legend:
 A = Non-vault XP
 B = Vault XP
 C = Vault XP percentage of total XP
 D = Non-vault monster count
 E = Vault monster count
 F = Vault count percentage of total count
                 A         B        C        D         E       F
            +---------+---------+-------+---------+---------+-------
      Total |  199219 |  135722 |  40.5 |     812 |     406 |  33.3
            +---------+---------+-------+---------+---------+-------
        D:1 |      60 |      24 |  28.6 |      32 |       7 |  17.9
        D:2 |      97 |     220 |  69.4 |      11 |       1 |   8.3
        D:3 |      60 |     217 |  78.3 |      21 |      11 |  34.4
        D:4 |     376 |     540 |  59.0 |      19 |      26 |  57.8
        D:5 |     428 |       0 |   0.0 |      18 |       0 |   0.0
        D:6 |     970 |     529 |  35.3 |      25 |       1 |   3.8
        D:7 |     726 |       0 |   0.0 |      19 |       0 |   0.0
        D:8 |    1183 |     973 |  45.1 |      15 |       2 |  11.8
        D:9 |    1157 |     825 |  41.6 |      19 |      12 |  38.7
       D:10 |    3504 |    2900 |  45.3 |      31 |       7 |  18.4
       D:11 |    3835 |    1129 |  22.7 |      31 |       1 |   3.1
       D:12 |    5217 |       0 |   0.0 |      28 |       0 |   0.0
       D:13 |    2726 |    6587 |  70.7 |      18 |      14 |  43.8
       D:14 |   13537 |    4801 |  26.2 |      34 |       6 |  15.0
       D:15 |   12180 |    9224 |  43.1 |      31 |      23 |  42.6
     Lair:1 |    2375 |     679 |  22.2 |       9 |       3 |  25.0
     Lair:2 |    6223 |    2959 |  32.2 |      26 |      29 |  52.7
     Lair:3 |    8141 |    6617 |  44.8 |      30 |      45 |  60.0
     Lair:4 |    7219 |     244 |   3.3 |      23 |       1 |   4.2
     Lair:5 |    7661 |       0 |   0.0 |      17 |       0 |   0.0
     Lair:6 |   14544 |   12900 |  47.0 |      38 |      48 |  55.8
   Spider:1 |    6515 |       0 |   0.0 |      20 |       0 |   0.0
   Spider:2 |   21213 |    3622 |  14.6 |      60 |       1 |   1.6
   Spider:3 |   14554 |   12070 |  45.3 |      38 |      16 |  29.6
   Spider:4 |   14708 |   24151 |  62.2 |      48 |      42 |  46.7
      Orc:1 |    8093 |    3001 |  27.1 |      49 |      10 |  16.9
      Orc:2 |    1776 |   19331 |  91.6 |      19 |      57 |  75.0
   Vaults:1 |   33264 |   13913 |  29.5 |      70 |      26 |  27.1
   Vaults:2 |    6091 |    1107 |  15.4 |      10 |       2 |  16.7
    Volcano |       0 |    3030 | 100.0 |       0 |       7 | 100.0
   Gauntlet |     786 |    4129 |  84.0 |       3 |       8 |  72.7
            +---------+---------+-------+---------+---------+-------
